 Dungeon Crawl Stone Soup version 0.25-a0-364-ge76b031baf (webtiles) character file.

Game seed: 2654356274219553146, levelgen mode: deterministic

13507 Borgoz the Basher (level 12, -3/77 HPs)
             Began as a Gargoyle Berserker on Jan 4, 2020.
             Was a Priest of Trog.
             Slain by a large slime creature (19 damage)
             ... on level 12 of the Dungeon.
             The game lasted 00:14:46 (9095 turns).

Borgoz the Basher (Gargoyle Berserker)              Turns: 9095, Time: 00:14:46

Health: -3/77      AC: 22    Str: 24    XL:     12   Next: 6%
Magic:  12/12      EV: 13    Int: 13    God:    Trog [***...]
Gold:   692        SH:  0    Dex: 10    Spells: 11/11 levels left

rFire    + . .     SeeInvis +   u - +4 dire flail (crush)
rCold    . . .     Gourm    .   (shield currently unavailable)
rNeg     + + .     Faith    .   P - +0 scale mail {rF+}
rPois    ∞         Spirit   .   n - +0 helmet
rElec    +         Reflect  .   (no cloak)
rCorr    +         Harm     .   N - +0 pair of gloves
MR       ++...                  o - +1 pair of boots of Gacserhoif {rElec rCorr Int+4}
Stlth    ..........             i - amulet of regeneration
HPRegen  1.62/turn              m - ring of see invisible
MPRegen  0.13/turn              s - ring of positive energy

@: berserk cooldown, regenerating, slowed, very slow
A: negative energy resistance 1, electricity resistance, unbreathing,
petrification resistance, rot immunity, AC +8
a: Berserk, Trog's Hand, Renounce Religion


You were on level 12 of the Dungeon.
You worshipped Trog.
Trog was most pleased with you.
You were very hungry.

You visited 1 branch of the dungeon, and saw 12 of its levels.

You collected 692 gold pieces.

Inventory:

Hand Weapons
 u - a +4 dire flail of crushing (weapon)
 v - a +2 flail of protection
Missiles
 B - 6 throwing nets (quivered)
Armour
 n - a +0 helmet (worn)
 o - the +1 pair of boots of Gacserhoif (worn) {rElec rCorr Int+4}
   (You found it on level 7 of the Dungeon)

   It affects your intelligence (+4).
   It insulates you from electricity.
   It provides partial protection from all sources of acid and corrosion.
 N - a +0 pair of gloves (worn)
 P - a +0 scale mail of fire resistance (worn)
 R - the +2 robe of Vines {NoPotionHeal Regen+7}
   (You found it on level 11 of the Dungeon)

   It increases your rate of regeneration.
Jewellery
 i - an amulet of regeneration (around neck)
 m - a ring of see invisible (left hand)
 s - a ring of positive energy (right hand)
 E - an uncursed ring of ice
 H - an uncursed ring of positive energy
 M - an uncursed ring of fire
Wands
 t - a wand of disintegration (38)
 w - a wand of polymorph (9)
 y - a wand of digging (3)
 C - a wand of enslavement (9)
 F - a wand of iceblast (7)
 G - a wand of paralysis (18)
Scrolls
 b - a scroll of fog {unknown}
 e - a scroll of amnesia {unknown}
 h - 4 scrolls of fear {unknown}
 j - 9 scrolls of remove curse
 k - 6 scrolls of teleportation
 z - a scroll of immolation {unknown}
 A - 5 scrolls of magic mapping {unknown}
 D - a scroll of torment {unknown}
 I - 2 scrolls of blinking {unknown}
 K - a scroll of acquirement {unknown}
 Q - a scroll of identify
Potions
 a - a potion of mutation {unknown}
 d - 4 potions of lignification
 f - 6 potions of curing
 g - a potion of berserk rage
 l - a potion of might
 p - a potion of flight
 q - 3 potions of agility
 r - a potion of ambrosia {unknown}
 x - a potion of brilliance
 L - a potion of invisibility
 O - a potion of resistance
Comestibles
 c - 30 rations
 J - 3 chunks of flesh


   Skills:
 + Level 10.0 Fighting
 * Level 12.2 Maces & Flails
 + Level 9.6 Armour
 + Level 7.4 Dodging


You had 11 spell levels left.
You didn't know any spells.
Your spell library was empty.

Dungeon Overview and Level Annotations

Branches:
Dungeon (12/15)            Temple (0/1) D:6            Lair (0/6) D:9
    Orc (0/2) D:9

Altars:
Fedhas
Kikubaaqudgha
Okawaru
Qazlal
Ru
Sif Muna
Trog
Wu Jian
Yredelemnul
Zin
The Shining One
Beogh

Shops:
D:8 ?   D:10 %

Portals:
Abyss: D:3

Annotations:
D:3 2 transporters, Shadow153's ghost, amateur MiFi
D:10 3 runed translucent doors, barakagiga's ghost, journeyman CeFi


Innate Abilities, Weirdness & Mutations

You are resistant to torment.
Your stone body is resilient. (AC +8)
You are immune to poison.
You resist negative energy. (rN+)
You are resistant to electric shocks. (rElec)
You can survive without breathing.
You are immune to petrification.
You are immune to rotting.


Message History

You kill the worker ant!
Trog accepts your kill.
You see here a worker ant corpse.
You butcher the worker ant corpse.
You feel a strong urge to attack something.
You see here 3 chunks of flesh.
J - 3 chunks of flesh You are no longer berserk.
You are exhausted.
You feel yourself slow down.
Your skin crawls.
You feel resistant to hostile enchantments.
You feel somewhat more hungry.
Two slime creatures merge to form a large slime creature.
The large slime creature hits you!
* * * LOW HITPOINT WARNING * * *
You bludgeon the large slime creature!!
The large slime creature is lightly wounded.
The large slime creature hits you!!
You die...

#..........# #..........#
#..........# #..........#
#.#..).....#
#..........#######
#######'###......#
..........#...##.#
..........#...##@#
..............##J#
....≈≈≈≈≈≈≈≈≈....#
....≈#≈≈≈≈≈#≈....#
....≈#≈###≈#≈....#
....≈#≈≈ ≈≈#≈....########
....≈≈≈≈≈≈≈≈≈............
##..##....#######........
#..# ....# #....##..


You could see a large slime creature.

Vanquished Creatures
  Josephine (D:10)
  A slime creature (D:12)
  Harold (D:11)
  Erica (D:9)
  3 ugly things
  2 gargoyles
  2 trolls
  A hornet (D:10)
  2 hippogriffs (D:10)
  Sigmund (D:2)
  3 wraiths (D:10)
  5 yaks (D:11)
  A wyvern (D:12)
  Eustachio (D:5)
  Grum (D:8)
  2 humans (D:9)
  A warg (D:9)
  A hungry ghost (D:6)
  3 orc warriors
  A black bear (D:10)
  An ice beast (D:10)
  3 phantoms
  4 wolves (D:8)
  9 ogres
  5 centaurs
  2 big kobolds (D:9)
  5 bullfrogs
  3 scorpions
  A wyvern skeleton (D:10)
  7 killer bees
  9 wights
  An electric eel (D:12)
  2 vampire bats (D:4)
  3 howler monkeys
  7 crimson imps
  2 bullfrog zombies
  6 jellies
  7 orc priests
  A bullfrog skeleton (D:4)
  2 hounds
  2 gnoll shamans
  2 iguanas (D:10)
  6 orc wizards (D:9)
  10 worker ants
  A worker ant zombie (D:11)
  19 adders
  8 gnolls
  2 shadow imps
  6 oozes
  An adder skeleton (D:5)
  2 worms
  7 dart slugs
  2 leopard geckos
  51 orcs
  3 ball pythons
  11 bats
  5 bat skeletons (D:4)
  A bat zombie (D:4)
  3 giant cockroaches
  10 goblins
  11 hobgoblins
  5 jackals
  12 kobolds
  7 quokkas
  6 frilled lizards
  A jackal zombie (D:5)
  A leopard gecko skeleton (D:4)
  2 quokka zombies
  8 rats
319 creatures vanquished.

Vanquished Creatures (others)
  A warg (D:9)
  4 toadstools (D:12)
5 creatures vanquished.

Grand Total: 324 creatures vanquished

Notes
Turn   | Place    | Note
-------+----------+-------------------------------------------
     0 | D:1      | Borgoz the Gargoyle Berserker began the quest for the Orb.
     0 | D:1      | Reached XP level 1. HP: 14/14 MP: 1/1
    50 | D:1      | Reached XP level 2. HP: 16/19 MP: 2/2
   395 | D:1      | Reached XP level 3. HP: 18/23 MP: 3/3
   847 | D:2      | Reached ** piety under Trog
   936 | D:2      | Found a glowing golden altar of the Shining One.
   988 | D:2      | Found a basalt altar of Yredelemnul.
  1009 | D:2      | Noticed Sigmund
  1019 | D:2      | Killed Sigmund
  1019 | D:2      | Reached skill level 4 in Maces & Flails
  1019 | D:2      | Reached XP level 4. HP: 20/29 MP: 4/4
  1019 | D:2      | Reached XP level 5. HP: 23/33 MP: 5/5
  1069 | D:2      | Reached XP level 6. HP: 33/39 MP: 6/6
  1309 | D:2      | Found a glowing golden altar of the Shining One.
  1422 | D:2      | Found a shimmering blue altar of Sif Muna.
  1968 | D:3      | Found a transporter.
  1996 | D:3      | Found a transporter.
  1996 | D:3      | Found a one-way gate to the infinite horrors of the Abyss.
  1996 | D:3      | Noticed a small abomination
  1996 | D:3      | Noticed Shadow153's ghost (amateur MiFi)
  2013 | D:3      | Noticed a toenail golem
  2658 | D:4      | Reached skill level 5 in Maces & Flails
  2683 | D:4      | Reached *** piety under Trog
  2699 | D:4      | Noticed a phantom
  2717 | D:4      | Reached XP level 7. HP: 44/44 MP: 7/7
  3015 | D:4      | Found an ancient bone altar of Kikubaaqudgha.
  3030 | D:4      | Reached skill level 5 in Fighting
  3198 | D:4      | Reached skill level 6 in Maces & Flails
  3460 | D:4      | Reached XP level 8. HP: 45/49 MP: 8/8
  3492 | D:5      | Entered Level 5 of the Dungeon
  3597 | D:5      | Reached skill level 5 in Armour
  3656 | D:5      | Reached **** piety under Trog
  3894 | D:5      | Noticed Eustachio
  3916 | D:5      | Reached skill level 7 in Maces & Flails
  3942 | D:5      | Killed Eustachio
  4196 | D:6      | Found a stormy altar of Qazlal.
  4220 | D:6      | Reached XP level 9. HP: 56/56 MP: 9/9
  4317 | D:6      | Reached skill level 8 in Maces & Flails
  4473 | D:6      | Found a staircase to the Ecumenical Temple.
  4838 | D:7      | Found a blossoming altar of Fedhas.
  4885 | D:7      | Noticed a cyan ugly thing
  4897 | D:7      | Killed a cyan ugly thing
  4897 | D:7      | Reached skill level 9 in Maces & Flails
  4897 | D:7      | Reached skill level 5 in Dodging
  4931 | D:7      | Got a pair of ichor-stained boots
  4942 | D:7      | Identified the +1 pair of boots of Gacserhoif {rElec rCorr
                  | Int+4} (You found it on level 7 of the Dungeon)
  5142 | D:7      | Found an iron altar of Okawaru.
  5369 | D:8      | Reached XP level 10. HP: 58/63 MP: 10/10
  5381 | D:8      | Found an ornate altar of the Wu Jian Council.
  5566 | D:8      | Found Faumi's Magic Scroll Boutique.
  5621 | D:8      | Found a bloodstained altar of Trog.
  5826 | D:8      | Noticed Grum
  5852 | D:8      | Killed Grum
  6217 | D:9      | Noticed Erica
  6241 | D:9      | Killed Erica
  6241 | D:9      | Reached skill level 10 in Maces & Flails
  6306 | D:9      | Reached ***** piety under Trog
  6306 | D:9      | Received a gift from Trog
  6344 | D:9      | Found a staircase to the Orcish Mines.
  6569 | D:9      | Found a staircase to the Lair.
  6588 | D:9      | Found a sacrificial altar of Ru.
  6932 | D:10     | Entered Level 10 of the Dungeon
  6951 | D:10     | Noticed a gargoyle
  6961 | D:10     | Killed a gargoyle
  6979 | D:10     | Reached XP level 11. HP: 61/69 MP: 11/11
  7125 | D:10     | Noticed Josephine
  7148 | D:10     | Killed Josephine
  7148 | D:10     | Reached skill level 11 in Maces & Flails
  7348 | D:10     | Found Hocwuz's Food Boutique.
  7441 | D:10     | Found a runed translucent gate.
  7441 | D:10     | Found a runed translucent gate.
  7441 | D:10     | Found a runed translucent gate.
  7443 | D:10     | Identified the +11 short sword of Focus {pierce, rPois MR+
                  | Str-2 Stlth+}
  7446 | D:10     | Noticed barakagiga's ghost (journeyman CeFi)
  7664 | D:10     | Found a glowing silver altar of Zin.
  7835 | D:10     | Found a roughly hewn altar of Beogh.
  8168 | D:11     | Found the +2 robe of Vines {NoPotionHeal Regen+7}
  8382 | D:11     | Noticed a purple ugly thing
  8399 | D:11     | Killed a purple ugly thing
  8604 | D:11     | Noticed Harold
  8615 | D:11     | Killed Harold
  8851 | D:12     | Reached skill level 12 in Maces & Flails
  8995 | D:12     | Noticed a red ugly thing
  9010 | D:12     | Killed a red ugly thing
  9082 | D:12     | Reached skill level 10 in Fighting
  9082 | D:12     | Reached XP level 12. HP: 14/77 MP: 12/12
  9095 | D:12     | Slain by a large slime creature

Levels and vault maps discovered:
D:1:      dpeg_arrival_yet_another_circle, layout_basic, minmay_heptomino_d4
D:2:      layout_rooms, old_standard_altar, marbit_many_paths,
          lemuel_blue_sif_altar, nicolae_tso_carved_into_rock, uniq_sigmund
D:3:      layout_basic, gammafunk_ghost_abyssal_escape
D:4:      layout_cave_pods, kennysheep_vampire_church
D:5:      layout_basic, first_ration, uniq_eustachio
D:6:      layout_basic, grunt_qazlal_sundering, minmay_temple_entry_ruins
D:7:      layout_rooms, old_standard_altar, nicolae_overflow_hidden_temple
D:8:      layout_loops_ring, old_standard_altar, lightli_temple_of_fire,
          serial_rivers, chequers_serial_rivers_micro_b,
          chequers_serial_rivers_marsh, chequers_serial_rivers_micro_c,
          chequers_serial_rivers_micro_d, chequers_serial_rivers_room_b,
          chequers_serial_rivers_marsh, serial_shops, shop, uniq_grum
D:9:      layout_roguey, nicolae_ru_awakened_eye, lair_entry_dummy, erik_orc_4,
          grunt_pizzeria, kennysheep_crisscross, uniq_erica
D:10:     layout_irregular_city, biasface_ghost_orc_armoury, serial_shops,
          nicolae_shop_stone, basic_altar, uniq_josephine
D:11:     layout_gridville, uniq_harold
D:12:     layout_stronghold, minmay_gold_behind_fungi, minmay_crystal_water

Skill      XL: |  1  2  3  4  5  6  7  8  9 10 11 |
---------------+----------------------------------+-----
Dodging        | 2 3 4 5 6 7 |  7.4
Fighting       | 4 5 6 7 8 10 | 10.0
Maces & Flails | 4 5 6 7 9 10 12 | 12.2
Armour         | 3 4 5 7 8 9 |  9.6

Action                   |  1- 3 |  4- 6 |  7- 9 | 10-12 || total
-------------------------+-------+-------+-------+-------++-------
Melee: Mace              |   119 |   226 |   123 |       ||   468
       Flail             |       |       |   367 |   205 ||   572
       Dire flail        |       |       |       |   370 ||   370
Invok: Berserk           |     1 |     1 |     8 |     3 ||    13
       Trog's Hand       |       |       |       |     1 ||     1
  Use: Scroll            |       |     3 |     2 |     8 ||    13
       Potion            |       |       |     1 |       ||     1
 Stab: Sleeping          |     1 |       |       |       ||     1
  Eat: Chunk             |     1 |     6 |    18 |    15 ||    40
Armor: Animal skin       |    43 |    10 |       |       ||    53
       Ring mail         |       |   121 |       |       ||   121
       Plate armour      |       |    41 |   638 |   293 ||   972
       Scale mail        |       |       |       |   108 ||   108
Dodge: Dodged            |    71 |   187 |   340 |   297 ||   895

Table legend:
 A = Non-vault XP
 B = Vault XP
 C = Vault XP percentage of total XP
 D = Non-vault monster count
 E = Vault monster count
 F = Vault count percentage of total count
                 A         B        C        D         E       F
            +---------+---------+-------+---------+---------+-------
      Total |   13516 |    5780 |  30.0 |     278 |      42 |  13.1
            +---------+---------+-------+---------+---------+-------
        D:1 |      48 |       7 |  12.7 |      22 |       3 |  12.0
        D:2 |      76 |     240 |  75.9 |      23 |       2 |   8.0
        D:3 |      90 |       0 |   0.0 |      28 |       0 |   0.0
        D:4 |     622 |     124 |  16.6 |      27 |       8 |  22.9
        D:5 |     747 |     202 |  21.3 |      27 |       1 |   3.6
        D:6 |    1174 |       0 |   0.0 |      25 |       0 |   0.0
        D:7 |    1050 |       0 |   0.0 |      19 |       0 |   0.0
        D:8 |     757 |     667 |  46.8 |      18 |       5 |  21.7
        D:9 |    1141 |    1799 |  61.2 |      23 |      18 |  43.9
       D:10 |    2982 |    1749 |  37.0 |      33 |       4 |  10.8
       D:11 |    1938 |     992 |  33.9 |      15 |       1 |   6.2
       D:12 |    2891 |       0 |   0.0 |      18 |       0 |   0.0
            +---------+---------+-------+---------+---------+-------
